 Dungeon Crawl Stone Soup version 0.21-a0-417-g0adc95b (console) character file.

1082 swinepaste the Skirmisher (level 8, 0/65 HPs)
             Began as a Demonspawn Monk on Nov 3, 2017.
             Slain by a crimson imp (1 damage)
             ... on level 5 of the Dungeon.
             The game lasted 00:10:22 (4919 turns).

swinepaste the Skirmisher (Demonspawn Monk)         Turns: 4919, Time: 00:10:22

Health: 0/65       AC:  3    Str: 13    XL:     8   Next: 8%
Magic:  8/8        EV: 19    Int: 11    God:
Gold:   242        SH:  0    Dex: 17    Spells: 7/7 levels left

rFire    . . .     SeeInvis .     - Unarmed
rCold    . . .     Gourm    .   (no shield)
rNeg     . . .     Faith    .   a - +0 robe
rPois    .         Spirit   .   (no helmet)
rElec    .         Reflect  .   (no cloak)
rCorr    .         Harm     .   h - +0 pair of gloves
MR       .....                  (no boots)
Stlth    +++.......             (no amulet)
HPRegen  0.20/turn              (no ring)
MPRegen  0.11/turn              (no ring)

@: lethally poisoned (0 -> -1)
A: repulsion field 2, foul stench 1, nightstalker 1, rot immunity
a: no special abilities


You were on level 5 of the Dungeon.
You were hungry.

You visited 1 branch of the dungeon, and saw 5 of its levels.

You collected 242 gold pieces.

Inventory:

Armour
 a - a +0 robe (worn)
 h - a +0 pair of gloves (worn)
Jewellery
 c - an uncursed ring of magical power {unknown}
Wands
 o - a wand of scattershot (0/9)
Scrolls
 e - 2 scrolls of noise {unknown}
 g - a scroll of amnesia {unknown}
 i - 5 scrolls of identify {unknown}
 j - a scroll of blinking {unknown}
 m - 3 scrolls of teleportation {unknown}
 q - 2 scrolls of enchant weapon {unknown}
 r - a scroll of fog {unknown}
 t - 3 scrolls of fear {unknown}
Potions
 k - a potion of flight
 n - a potion of heal wounds {unknown}
 s - a potion of curing {unknown}
 u - a potion of magic {unknown}
Comestibles
 b - 8 bread rations
 d - 3 meat rations
 f - 4 fruits
 l - a royal jelly


   Skills:
 + Level 6.7 Fighting
 + Level 6.1 Dodging
 - Level 1.7 Stealth
 - Level 4.5 Unarmed Combat


You had 7 spell levels left.
You didn't know any spells.

Dungeon Overview and Level Annotations

Branches:
Dungeon (5/15)
 Temple: D:4-7

Altars:
Ashenzari
Fedhas
Hepliaklqana
Okawaru
Xom


Innate Abilities, Weirdness & Mutations

You are surrounded by a moderate repulsion field. (EV +3)
You may emit foul miasma when damaged in melee.
You are slightly more attuned to the shadows.
You are immune to rotting.


Message History

You hit the crimson imp.
The crimson imp is lightly wounded.
* * * LOW HITPOINT WARNING * * *
You feel sick. The crimson imp closely misses you.
You closely miss the crimson imp.
The crimson imp is lightly wounded.
The crimson imp misses you.
You hit the crimson imp but do no damage.
The crimson imp closely misses you.
You punch the crimson imp!
The crimson imp is severely wounded.
The crimson imp barely misses you.
You hit the crimson imp.
The crimson imp is almost dead.
* * * LOW HITPOINT WARNING * * *
You feel sick. The crimson imp misses you.
You barely miss the crimson imp.
The crimson imp is severely wounded.
The crimson imp hits you.
You die...

######## # ## ##
#......#### #.
...#.##>#.......#
#.
......#)#6##.##.#
#. #....5)#5##.##.#
##
......o..o##.##.#
######
##.#..#.####.##.###
#..... # #>.#..
..##...# #.####
....#### ######.#
#.# ..#'#
#######.###.####
....
................
#######.###....^


You could see a crimson imp and an orc.

Vanquished Creatures
  The ghost of Psyclone the Destroyer, a novice DECj of Sif Muna (D:5)
  3 ogres
  A howler monkey (D:2)
  A crimson imp (D:5)
  2 orc priests (D:5)
  A hound (D:5)
  6 worker ants
  A worker ant zombie (D:5)
  8 adders
  An ooze (D:4)
  3 worms
  5 leopard geckos
  7 orcs
  A ball python (D:1)
  9 bats
  4 giant cockroaches
  8 goblins
  5 hobgoblins
  10 jackals
  6 kobolds
  A quokka (D:2)
  7 frilled lizards
  A giant cockroach zombie (D:5)
  A jackal skeleton (D:4)
  A quokka skeleton (D:4)
  34 rats
128 creatures vanquished.

Notes
Turn   | Place    | Note
-------+----------+-------------------------------------------
     0 | D:1      | swinepaste the Demonspawn Monk began the quest for the Orb.
     0 | D:1      | Reached XP level 1. HP: 18/18 MP: 1/1
   126 | D:1      | Gained mutation: You are surrounded by a mild repulsion field. (EV +2) [demonic ancestry]
   126 | D:1      | Reached XP level 2. HP: 11/24 MP: 2/2
   751 | D:1      | Reached XP level 3. HP: 23/29 MP: 3/3
  1558 | D:2      | Gained mutation: You are slightly more attuned to the shadows. [demonic ancestry]
  1558 | D:2      | Reached XP level 4. HP: 26/35 MP: 4/4
  2108 | D:3      | Reached XP level 5. HP: 37/41 MP: 5/5
  2418 | D:3      | Found a faded altar of an unknown god.
  2769 | D:3      | Found an iron altar of Okawaru.
  3187 | D:4      | HP: 2/42 [poisoned by a worker ant]
  3195 | D:4      | HP: 1/42 [poisoned by a worker ant]
  3373 | D:4      | Noticed an ogre
  3380 | D:4      | Killed an ogre
  3380 | D:4      | Gained mutation: You are surrounded by a moderate repulsion field. (EV +3) [demonic ancestry]
  3380 | D:4      | Reached XP level 6. HP: 32/49 MP: 6/6
  3432 | D:4      | Found a hazy altar of Hepliaklqana.
  3433 | D:4      | Found a shimmering altar of Xom.
  3433 | D:4      | Noticed a hell beast
  3434 | D:4      | Noticed a spectral ugly thing
  3434 | D:4      | Noticed a hell beast
  3715 | D:4      | Found a shattered altar of Ashenzari.
  3835 | D:4      | Found a blossoming altar of Fedhas.
  3888 | D:4      | Reached skill level 5 in Fighting
  4289 | D:5      | Entered Level 5 of the Dungeon
  4314 | D:5      | Gained mutation: You are immune to rotting. [demonic ancestry]
  4314 | D:5      | Reached XP level 7. HP: 46/56 MP: 7/7
  4550 | D:5      | Noticed Psyclone's ghost (novice DECj)
  4575 | D:5      | Killed Psyclone's ghost
  4575 | D:5      | Reached skill level 5 in Dodging
  4861 | D:5      | Gained mutation: You may emit foul miasma when damaged in melee. [demonic ancestry]
  4861 | D:5      | Reached XP level 8. HP: 65/65 MP: 8/8
  4906 | D:5      | HP: 3/65 [crimson imp (3)]
  4911 | D:5      | HP: 2/65 [poisoned by a worker ant]
  4918 | D:5      | HP: 1/65 [poisoned by a worker ant]
  4919 | D:5      | Slain by a crimson imp

Vault maps used:
D:1:      erik_arrival_orb_chamber, serial_park_tiny_pond
D:2:      minmay_rat_hole
D:3:      kennysheep_okawaru_gauntlet, chequers_ecumenical_altar_twisty,
          due_unseen_surprise
D:4:      regret_index_temple_of_mockery, ashenzari_conservatory_becter,
          marbit_many_paths, grunt_ministairs_9, minivault_25
D:5:      kennysheep_kobold_camp, dancing_weapons_uskayaw, first_bread,
          serial_bayou_pond_a

Skill      XL: |  1  2  3  4  5  6  7 |
---------------+----------------------+-----
Unarmed Combat | 3 4 |  4.5
Dodging        | 3 4 6 |  6.1
Fighting       | 4 5 6 |  6.7
Stealth        | |  1.7

Action                   |  1- 3 |  4- 6 |  7- 9 || total
-------------------------+-------+-------+-------++-------
Melee: Unarmed           |   173 |   250 |   116 ||   539
       Punch             |     2 |     5 |     3 ||    10
Evoke: Wand              |       |       |     1 ||     1
  Use: Potion            |       |     4 |       ||     4
 Stab: Sleeping          |     4 |    12 |     2 ||    18
  Eat: Chunk             |     2 |     7 |     3 ||    12
       Fruit             |       |     1 |       ||     1
Armor: Robe              |    42 |    28 |    13 ||    83
Dodge: Dodged            |   154 |   207 |   104 ||   465

Table legend:
 A = Spawn XP
 B = Non-spawn XP
 C = Spawn XP percentage of total XP
 D = Spawn monster count
 E = Non-spawn monster count
 F = Spawn count percentage of total count
 G = Total turns spent on level
                    A         B        C        D         E        F      G
               +---------+---------+-------+---------+---------+-------+---------
         Total |       0 |    1546 |   0.0 |       0 |     128 |   0.0 |  4919
               +---------+---------+-------+---------+---------+-------+---------
           D:1 |       0 |      49 |   0.0 |       0 |      32 |   0.0 |  1164
           D:2 |       0 |     132 |   0.0 |       0 |      41 |   0.0 |   934
           D:3 |       0 |     125 |   0.0 |       0 |      19 |   0.0 |  1024
           D:4 |       0 |     418 |   0.0 |       0 |      19 |   0.0 |  1167
           D:5 |       0 |     822 |   0.0 |       0 |      17 |   0.0 |   630
               +---------+---------+-------+---------+---------+-------+---------
